 Dungeon Crawl Stone Soup version 0.31-a0-743-g45f7035092 (webtiles) character file.

Game seed: 8987394594243106651

1 Bravepunisher the Ducker (level 1, -6/11 HPs)
             Began as a Spriggan Monk on Sept 13, 2023.
             Mangled by a gnoll
             ... wielding a +0 spear
              (7 damage)
             ... on level 4 of the Dungeon.
             The game lasted 00:00:58 (153 turns).

Bravepunisher the Ducker (Spriggan Monk)             Turns: 153, Time: 00:00:59

Health: -6/11      AC:  2    Str:  7    XL:     1   Next: 16%
Magic:  2/2        EV: 18    Int: 11    God:
Gold:   18         SH:  0    Dex: 17    Spells: 0/0 levels left

rFire   . . .        a - +0 short sword
rCold   . . .        d - orb {light}
rNeg    . . .        b - +0 robe
rPois   .            (helmet restricted)
rElec   .            (no cloak)
rCorr   .            (gloves unavailable)
SInv    +            (boots unavailable)
Will    .....        (no amulet)
Stlth   +            (no ring)
HPRegen 0.21/turn    (no ring)
MPRegen 0.08/turn

%: no passive effects
@: glowing, very quick
A: very small, no large weapons, unfitting armour, see invisible, speed 3
a: no special abilities


You were on level 4 of the Dungeon.
You visited 1 branch of the dungeon, and saw 4 of its levels.

You collected 18 gold pieces.

Inventory:

Hand Weapons
 a - a +0 short sword (weapon)
Armour
 b - a +0 robe (worn)
 d - an orb of light (worn)


   Skills:
 + Level 2.4 Fighting
 - Level 3.2 Short Blades
 * Level 4.1 Dodging


You couldn't memorise any spells.
You didn't know any spells.
Your spell library was empty.

Dungeon Overview and Level Annotations

Branches:
Dungeon (4/15)
 Temple: D:4-7

Altars:

Annotations:
D:3 Terence
D:4 Blork the orc


Innate Abilities, Weirdness & Mutations

You are very small and have problems with some larger weapons.
You are too small for most types of armour.
You have supernaturally acute eyesight. (SInv)
You cover ground extremely quickly. (Speed+++)


Message History

An orc priest comes into view. It is wielding a +0 mace.
Found a scroll labelled EKHLOM PUKUMEOWN and 3 poisoned darts.
Found a stone staircase leading down.
There is a stone staircase leading down here.
You climb downwards.
There is a stone staircase leading up here.
Blork the orc comes into view.
He is wielding a +0 hand axe of holy wrath.
Blork the orc shouts!
There is a stone staircase leading up here. 4 gnolls come into view.
The gnoll shouts! x4
You hit the gnoll.
The gnoll is moderately wounded.
The gnoll misses you.
You aren't carrying any scrolls.
You are confused.
You feel invigorated.
Unknown command.
You bump into the rock wall.
The gnoll barely misses you. The gnoll misses you.
The gnoll closely misses you. The gnoll closely misses you.
The gnoll barely misses you.
The gnoll hits you from afar with a +0 spear!
Ouch! That really hurt!
* * * LOW HITPOINT WARNING * * *
You hit the gnoll.
The gnoll is moderately wounded.
You feel less invigorated.
You feel less confused.
You hit the gnoll.
The gnoll is heavily wounded.
The gnoll hits you from afar with a +0 spear!
Ouch! That really hurt!
* * * LOW HITPOINT WARNING * * *
The gnoll hits you with a +0 whip.
* * * LOW HITPOINT WARNING * * *
You hit the gnoll.
The gnoll is heavily wounded.
The gnoll hits you from afar with a +0 spear!
Ouch! That really hurt!
You die...

#.#....#
#.
#.#....#
#.
#......#
#.
##.....#
#.
#.....#
#g
#.....#
#.
#.#####
#g#####.#
#gg@..o.#
#########


You could see Blork the orc and 3 gnolls.

Vanquished Creatures
  2 frilled lizards
2 creatures vanquished.

Notes
Turn   | Place    | Note
-------+----------+-------------------------------------------
     0 | D:1      | Bravepunisher the Spriggan Monk began the quest for the
                  | Orb.
     0 | D:1      | Reached XP level 1. HP: 11/11 MP: 2/2
   110 | D:3      | Noticed Terence
   113 | D:3      | Noticed an orc priest
   126 | D:4      | Noticed Blork the orc
   153 | D:4      | Mangled by a gnoll

Illustrated notes

Levels and vault maps discovered:
D:1:      evilmike_arrival_come_back, layout_rooms, minmay_lizard_king
D:2:      minmay_door_path, layout_rooms, minmay_misc_feat_rugged,
          chequers_serial_rivers_large_a
D:3:      minmay_general_purpose_star, layout_basic,
          lemuel_coloured_pillars_altar, uniq_terence
D:4:      layout_basic, nemelex_diamond_rough_becter, uniq_blork_the_orc

Action                     || total
---------------------------++-------
  Melee: Short sword       ||     9
    Use: Potion            ||     1
 Armour: Robe              ||     5
  Dodge: Dodged            ||    10

Table legend: (Time is in decaauts)
 A = Elapsed time spent in this place.
 B = Non-inter-level travel time spent in this place.
 C = Inter-level travel time spent in this place.
 D = Time resting spent in this place.
 E = Time spent auto-exploring this place.
 F = Levels seen in this place.
 G = Mean time per level.
                   A        B        C        D        E       F      G
               +--------+--------+--------+--------+--------+-----+--------+
         Total |     99 |     99 |      0 |      0 |     14 |   4 |   24.8 |
       Dungeon |     99 |     99 |      0 |      0 |     14 |   4 |   24.8 |
               +--------+--------+--------+--------+--------+-----+--------+

Top non-repeatable levels by time:
     D:3: 54 daAuts
     D:1: 19 daAuts
     D:4: 18 daAuts
     D:2: 7 daAuts
